Map: Disco Bloodbath LE

Players

Probe - Winner!

  • Race: Protoss Protoss
  • Spawn Location: 9:00

Namshar

  • Race: Zerg Zerg
  • Spawn Location: 3:00

VOD

Have the link to the VOD?

Description

Time

  • Played on: Sept. 6, 2019, 1:40 p.m.
  • Length: 20:57
Show
View Real Time Build Order
Export as new Build Order

Probe Protoss - Winner!

Build Orders: 1 Gate Expand, Oracle Opening, Phoenix Opening, Carriers, Chargelot Immortal 

Get SALT Encoding   

  12  0:00  Probe  
  13  0:13  Probe  
  14  0:20  Pylon  
  14  0:25  Probe  
  15  0:29  Assimilator  
  15  0:34  Probe  
  15  0:42  Probe  
  16  0:47  Gateway  
  17  0:52  Probe  
  18  1:04  Probe  
  19  1:16  Probe  
  20  1:23  Nexus  
  20  1:34  Cybernetics Core  
  20  1:36  Probe  
  21  1:42  Assimilator  
  21  1:48  Probe  
  21  1:50  Pylon  
  22  2:00  Probe, Adept  
  23  2:08  Probe  
  26  2:16  Stargate, Probe  
  26  2:22  Adept  
  27  2:23  Warp Gate  
  27  2:27  Probe  
  28  2:35  Probe  
  31  2:39  Probe  
  32  2:47  Probe  
  34  2:51  Probe  
  34  2:57  Phoenix  
  34  2:59  Probe  
  34  3:03  Pylon, Probe  
  38  3:11  Probe  
  39  3:13  Oracle  
  39  3:15  Probe  
  40  3:23  Probe  
  44  3:27  Probe  
  44  3:33  Assimilator  
  44  3:34  Assimilator  
  45  3:35  Probe  
  45  3:37  Pylon  
  45  3:38  Gateway  
  45  3:39  Probe  
  47  3:43  Oracle  
  47  3:47  Probe  
  48  3:53  Probe  
  52  3:59  Probe  
  52  4:02  Robotics Facility  
  53  4:05  Probe  
  53  4:08  Pylon  
  54  4:12  Probe, Adept  
  57  4:17  Probe  
  57  4:24  Probe  
  59  4:30  Probe, Nexus  
  60  4:34  Pylon  
  60  4:36  Probe  
  60  4:37  Sentry x2  
  65  4:40  Pylon  
  65  4:42  Observer, Probe  
  66  4:48  Probe  
  66  4:52  Twilight Council  
  68  4:53  Immortal, Forge  
  68  4:54  Probe  
  69  5:00  Probe  
  69  5:04  Sentry  
  69  5:06  Probe  
  77  5:12  Probe  
  78  5:18  Pylon  
  78  5:19  Probe  
  79  5:22  Shield Battery  
  79  5:24  Pylon, Probe  
  79  5:25  Immortal  
  80  5:30  Charge  
  80  5:32  Protoss Ground Weapons Level 1  
  84  5:37  Probe  
  85  5:44  Probe  
  85  5:45  Probe  
  85  5:49  Probe  
  88  5:52  Templar Archives  
  88  5:54  Gateway  
  88  5:55  Gateway  
  88  5:56  Probe  
  89  5:59  Immortal  
  89  6:02  Probe x2  
  91  6:06  Assimilator  
  91  6:11  Assimilator  
  95  6:13  Probe  
  95  6:14  Probe  
  95  6:16  Pylon  
  97  6:22  Gateway x2  
  97  6:28  Immortal  
  97  6:33  Psionic Storm  
  97  6:36  Probe x2  
  97  6:39  Photon Cannon  
  103  6:42  Probe  
  103  6:46  High Templar x2  
  108  6:51  Probe  
  109  6:54  Immortal  
  109  6:58  Gateway, Probe x2  
  109  7:00  Gateway, High Templar  
  117  7:12  Photon Cannon  
  117  7:13  Pylon  
  117  7:17  Photon Cannon  
  117  7:19  Shield Battery, Photon Cannon  
  117  7:20  High Templar  
  119  7:23  Stalker x2  
  119  7:29  Immortal  
  127  7:38  Shield Battery  
  127  7:41  High Templar  
  127  7:42  High Templar  
  131  7:49  Zealot  
  131  7:50  Nexus  
  131  7:51  Pylon x2  
  133  7:52  Pylon  
  133  7:53  Pylon x2  
  133  8:02  Observer  
  130  8:07  Shield Battery  
  130  8:08  Pylon  
  130  8:12  High Templar x2  
  135  8:16  Stalker  
  135  8:17  Zealot, Stalker  
  135  8:18  Zealot x2  
  143  8:23  Shield Battery  
  143  8:26  Immortal  
  143  8:27  Photon Cannon  
  143  8:28  Photon Cannon  
  143  8:29  Shield Battery  
  143  8:31  Pylon  
  147  8:37  Zealot  
  147  8:38  Zealot  
  147  8:40  Zealot x2  
  155  8:45  Zealot x2  
  155  8:56  Zealot x2  
  155  8:59  Immortal  
  157  9:04  Protoss Ground Weapons Level 2  
  161  9:16  Zealot  
  161  9:17  Observer, Zealot x5  
  171  9:33  Observer, Zealot x2  
  171  9:34  Probe  
  170  9:40  Zealot x2  
  170  9:41  Zealot x4  
  169  9:59  Immortal  
  149  10:02  Archon  
  134  10:08  Zealot x8  
  134  10:13  Assimilator  
  146  10:17  Assimilator  
  140  10:26  Immortal  
  140  10:27  Fleet Beacon  
  140  10:29  Stargate  
  140  10:30  High Templar x3  
  140  10:31  High Templar x2  
  140  10:32  Stargate  
  150  10:41  Zealot x3  
  160  10:52  Photon Cannon  
  160  10:53  Pylon  
  160  10:58  Immortal  
  160  11:08  High Templar x2  
  160  11:09  Zealot x6  
  174  11:19  Carrier  
  174  11:20  Carrier x2  
  170  11:28  Protoss Air Weapons Level 1  
  188  11:36  Observer  
  189  11:42  High Templar x2  
  189  11:45  High Templar x2  
  197  11:48  Warp Prism  
  199  12:02  Photon Cannon  
  199  12:04  Photon Cannon x2  
  181  12:19  Nexus  
  181  12:20  Protoss Ground Weapons Level 3  
  181  12:21  Zealot x8  
  183  12:32  Carrier  
  183  12:36  Carrier  
  191  13:04  Carrier  
  179  13:19  High Templar x2  
  183  13:22  Pylon  
  183  13:24  Pylon  
  183  13:27  Zealot x6  
  183  13:31  Shield Battery  
  195  13:41  Protoss Air Weapons Level 2  
  195  13:46  Cybernetics Core  
  193  13:49  Photon Cannon  
  193  13:50  Photon Cannon  
  193  13:52  Photon Cannon  
  193  13:55  Photon Cannon  
  193  13:59  Zealot x2  
  186  14:33  Carrier x2  
  186  14:38  Zealot  
  200  14:44  Protoss Air Armor Level 1  
  200  14:51  Assimilator  
  200  14:52  Assimilator  
  200  14:53  Photon Cannon  
  200  14:55  Shield Battery  
  200  14:57  Shield Battery  
  200  15:20  Stargate  
  200  15:23  Stargate  
  200  15:26  Dark Shrine, Stargate  
  198  15:33  Shield Battery  
  182  16:01  Carrier x3  
  182  16:03  Protoss Shields Level 1  
  148  16:10  High Templar x5  
  148  16:11  High Templar x3  
  176  16:13  Blink  
  176  16:14  Archon x3  
  176  16:17  Protoss Air Weapons Level 3  
  176  16:18  Carrier x2  
  188  16:33  Nexus  
  188  16:36  Pylon  
  188  16:38  Observer  
  189  16:43  Zealot x4  
  189  16:44  Zealot x2  
  199  16:51  Protoss Air Armor Level 2  
  199  16:59  Observer  
  188  17:05  Zealot x7  
  200  17:12  Assimilator x2  
  200  17:14  Photon Cannon  
  158  17:45  Zealot  
  158  17:46  Zealot x7  
  174  17:52  Carrier  
  174  17:55  Shield Battery x2  
  174  17:58  Carrier  
  172  18:25  Zealot  
  172  18:26  Zealot x7, Carrier x2  
  182  18:31  Archon  
  173  18:45  Void Ray  
  173  18:55  High Templar x8  
  181  19:03  Archon x3  
  181  19:04  Archon  
  149  19:28  Stalker x8  
  159  19:47  Observer  
  158  19:54  Stalker x8  
  168  20:09  Observer  
  168  20:12  Archon  
  157  20:25  Zealot x8  
  141  20:54  Stalker x8  
Show
View Real Time Build Order
Export as new Build Order

Namshar Zerg 

Build Orders: Hatch First, Lurkers 

Get SALT Encoding   

  12  0:00  Drone  
  13  0:13  Overlord  
  13  0:17  Drone  
  14  0:31  Drone x2  
  16  0:48  Hatchery  
  15  0:51  Drone  
  15  0:54  Drone  
  17  1:01  Drone  
  18  1:08  Extractor  
  17  1:15  Spawning Pool  
  17  1:16  Drone  
  17  1:19  Drone  
  18  1:28  Drone  
  19  1:39  Drone  
  20  1:49  Overlord  
  20  2:01  Queen x2  
  20  2:02  Zergling x4  
  26  2:11  Drone x2  
  28  2:22  Drone x2  
  30  2:28  Hatchery  
  29  2:32  Drone  
  30  2:37  Pneumatized Carapace  
  30  2:42  Overlord  
  30  2:43  Drone  
  31  2:49  Queen  
  33  2:54  Drone  
  33  2:55  Drone  
  35  2:59  Zergling x2  
  35  3:04  Drone  
  35  3:05  Drone  
  38  3:10  Drone x4  
  42  3:16  Drone x2  
  44  3:20  Overlord  
  43  3:32  Overlord  
  43  3:33  Overlord  
  43  3:38  Queen  
  43  3:39  Spore Crawler  
  43  3:40  Drone  
  45  3:41  Drone x2  
  45  3:45  Drone  
  45  3:48  Spore Crawler  
  47  3:50  Overlord  
  47  3:51  Drone x2  
  47  3:52  Drone  
  47  3:55  Spore Crawler  
  49  3:56  Drone  
  49  4:01  Metabolic Boost  
  49  4:02  Drone x2  
  52  4:04  Drone  
  52  4:06  Drone  
  52  4:09  Drone x2  
  56  4:19  Drone  
  56  4:20  Drone x2  
  59  4:24  Zergling x6  
  59  4:25  Zergling x2  
  63  4:37  Drone  
  63  4:38  Drone x7  
  70  4:42  Spore Crawler, Lair  
  70  4:43  Spore Crawler  
  70  4:45  Roach Warren, Extractor x2  
  66  4:47  Drone x2  
  67  4:55  Drone  
  67  4:56  Drone x5  
  67  4:59  Spore Crawler  
  71  5:03  Drone  
  71  5:05  Extractor  
  71  5:06  Extractor  
  71  5:13  Drone x3, Extractor  
  73  5:16  Overlord x3  
  73  5:25  Overlord x2  
  73  5:29  Evolution Chamber  
  73  5:30  Overlord x2, Hatchery  
  73  5:31  Drone  
  73  5:33  Overlord  
  73  5:34  Drone  
  73  5:38  Queen  
  73  5:41  Drone x3  
  77  5:42  Drone  
  77  5:43  Drone  
  77  5:44  Drone  
  77  5:45  Drone  
  80  5:50  Roach x2  
  80  5:53  Glial Reconstitution  
  80  5:55  Zerg Missile Weapons Level 1  
  84  5:57  Hydralisk Den  
  84  6:03  Overlord  
  83  6:05  Drone x2  
  83  6:07  Queen  
  87  6:13  Overlord  
  87  6:26  Queen  
  87  6:30  Hydralisk  
  87  6:31  Grooved Spines, Hydralisk x6  
  103  6:38  Hydralisk  
  103  6:39  Hydralisk x2  
  109  6:40  Lurker Den  
  109  6:45  Drone x6  
  114  6:47  Overseer  
  114  6:50  Hydralisk  
  114  6:51  Hydralisk  
  118  7:02  Overseer  
  118  7:04  Hydralisk x6  
  130  7:09  Drone x2  
  130  7:14  Queen  
  134  7:18  Overlord  
  134  7:19  Overlord  
  134  7:21  Hydralisk x4  
  142  7:30  Overlord  
  142  7:34  Extractor  
  142  7:35  Hydralisk  
  143  7:42  Overlord x2, Muscular Augments  
  143  7:43  Drone  
  143  7:44  Drone x2, Hydralisk x6  
  157  7:56  Hydralisk x5  
  167  8:06  Hydralisk x6  
  179  8:29  Drone  
  180  8:35  Hydralisk  
  180  8:36  Zergling x2  
  180  8:38  Hatchery  
  182  8:42  Lurker, Overlord x4  
  165  8:57  Zerg Missile Weapons Level 2  
  165  8:59  Lurker x3, Infestation Pit  
  165  9:02  Lurker x2  
  169  9:04  Zergling x30  
  168  9:17  Lurker  
  168  9:18  Lurker x2  
  168  9:19  Hydralisk  
  168  9:20  Zergling x6, Hydralisk  
  175  9:28  Hydralisk x3  
  164  9:38  Hydralisk x4  
  164  9:43  Hydralisk  
  172  9:50  Hydralisk x3  
  166  9:58  Hydralisk  
  166  9:59  Hydralisk x2  
  155  10:03  Hydralisk x2  
  155  10:06  Zergling x10  
  150  10:13  Extractor  
  149  10:15  Hydralisk x5  
  139  10:21  Hydralisk x2  
  139  10:23  Zergling x14  
  139  10:24  Queen x2  
  144  10:29  Hydralisk  
  144  10:30  Hydralisk x2  
  144  10:31  Zergling x2  
  149  10:37  Hydralisk  
  149  10:38  Hydralisk x2  
  149  10:39  Overlord  
  149  10:40  Hydralisk  
  157  10:47  Overlord  
  157  10:48  Extractor  
  156  10:50  Lurker  
  156  10:51  Hydralisk x3  
  156  10:53  Zergling x22  
  174  11:01  Drone  
  174  11:02  Spire  
  174  11:10  Hive  
  173  11:17  Extractor  
  172  11:24  Lurker  
  172  11:25  Lurker x3  
  173  11:26  Overlord x2  
  173  11:29  Hydralisk  
  173  11:30  Hydralisk x2  
  173  11:32  Drone  
  180  11:33  Evolution Chamber  
  180  11:35  Drone x3  
  180  11:37  Drone x3, Spine Crawler  
  180  11:38  Drone, Spine Crawler x2  
  180  11:39  Drone  
  184  11:40  Lurker  
  184  11:41  Lurker  
  184  11:44  Overseer  
  186  11:56  Hydralisk  
  186  11:57  Hydralisk x5  
  186  11:59  Lurker  
  183  12:17  Hydralisk x4  
  183  12:18  Hydralisk x6  
  192  12:27  Greater Spire  
  182  12:40  Zerg Ground Armor Level 1, Zerg Missile Weapons Level 3  
  182  12:43  Overlord x2  
  180  12:50  Overseer  
  180  12:54  Drone x4  
  180  12:55  Spine Crawler x2  
  180  12:56  Spine Crawler  
  181  12:59  Hydralisk x3  
  194  13:10  Hydralisk x3  
  199  13:21  Corruptor  
  199  13:22  Corruptor x4  
  199  13:24  Lurker  
  199  13:25  Lurker x2  
  198  13:40  Zerg Flyer Weapons Level 1  
  198  13:50  Overseer  
  198  13:51  Overseer  
  198  13:52  Overseer x2  
  199  13:59  Lurker  
  197  14:17  Hatchery  
  197  14:24  Corruptor x10  
  187  14:34  Corruptor x4  
  183  14:45  Zerg Melee Weapons Level 1  
  183  14:47  Corruptor x3  
  189  15:05  Overlord x4  
  187  15:16  Overlord  
  187  15:24  Corruptor x3  
  191  15:34  Zerg Flyer Armor Level 1  
  187  15:39  Hydralisk  
  187  15:40  Zergling x20  
  196  15:48  Hydralisk x10  
  196  15:55  Hydralisk x4  
  168  16:05  Corruptor  
  168  16:06  Corruptor x8  
  176  16:20  Hatchery  
  175  16:28  Corruptor x2  
  177  16:50  Corruptor x3  
  180  16:55  Corruptor x2  
  180  16:56  Corruptor  
  183  17:14  Extractor  
  182  17:17  Pathogen Glands  
  173  17:26  Hatchery  
  160  17:43  Overlord  
  160  17:48  Brood Lord x6  
  160  17:51  Brood Lord  
  169  18:11  Hydralisk x9  
  187  18:13  Neural Parasite  
  172  18:20  Hydralisk x4  
  172  18:26  Hydralisk  
  169  18:27  Zergling x4  
  153  18:36  Hydralisk  
  150  18:51  Hydralisk x2  
  152  19:08  Hydralisk x5  
  132  19:32  Hydralisk x8  
  132  19:35  Brood Lord  
  148  19:45  Zergling x14  
  149  19:48  Extractor  
  150  19:53  Zergling x8  
  142  20:17  Zergling x30  
  131  20:24  Hydralisk  
  131  20:25  Zergling x10  
  118  20:33  Zergling x4  
  107  20:38  Zergling x4  
Tags
 
Add a new tag
Caveats
  • Supply blocks, unpowered buildings, or Contaminate may cause inaccurate times.
  • Supply counts are checked every 10 seconds.